 BcadrenCrawl: Boulder Brew version 0.06-240-gf756cca71e (webtiles) character file.

Game seed: 1932442112830999802, levelgen mode: deterministic

1073 gruber the Lasher (level 8, -4/64 HPs) Minotaur Berserker. Began on Aug 14, 2022. Was an Elder of Trog. Splashed by a jelly's acid (7 damage) ... on level 2 of the Dungeon. The game lasted 00:07:09 (2776 turns).

gruber the Lasher (Minotaur Berserker)              Turns: 2776, Time: 00:07:09

Health: -4/64      AC: -5    Str: 27    XL:     8 ^: 1265
Magic:  7/7        EV: 14    Int:  4    God:    Trog [4* [102]]
Gold:   133        SH:  0    Dex: 12    Spells: 7/7 levels left

rFire    . . .     Slash    x   a - +0 whip
rCold    . . .     Pierce   .   (no weapon)
rNeg     . . .     Bludgeon .   b - +0 animal skin
rCorr    . . .     Vision   .   (helmet restricted)
rPois    +         Gourm    .   (no cloak)
rElec    .         Faith    .   (no gloves)
MR       .....     Spirit   .   (no boots)
HPRegen  0.31/turn Reflect  .   (no amulet)
MPRegen  0.17/turn Harm     .   d - ring of strength (curse) {(Curse: Int-3)} Stlth +.........Rnd*Rage +
                                k - ring of poison resistance

@: lethally poisoned (-4 -> -9), corroded, berserk cooldown
A: horns, retaliatory headbutt 2, soft flesh
a: Berserk, Trog's Hand, Brothers in Arms, Renounce Religion


You were on level 2 of the Dungeon.
You worshipped Trog.
Trog was greatly pleased with you.
You were not hungry.

You visited 1 branch of the dungeon, and saw 2 of its levels.

You collected 133 gold pieces.

Inventory:

Weapons
 a - a +0 whip (weapon)
 f - a +3 broad axe of chopping
 i - a +9 hammer
Armour
 b - a +0 animal skin (worn)
Jewellery
 d - a cursed ring of strength (left hand) {(Curse: Int-3)}
 k - a ring of poison resistance (right hand)
Scrolls
 e - a scroll of enchantment
 g - a scroll of fog
 l - a scroll of holy word
 p - a scroll of teleportation
Potions
 h - a potion of might
 j - a potion of curing
 m - a potion of berserk rage
 o - a potion of haste
Comestibles
 c - 9 rations


   Skills:
 - Level 3.6 Fighting
 - Level 9.1 Whips & Flails
 * Level 6.4 Armour
 + Level 4.7 Dodging


You had 7 spell levels left.
You didn't know any spells.
Your spell library was empty.

Dungeon Overview and Level Annotations

Branches:
Dungeon (2/8)

Altars:


Innate Abilities, Weirdness & Mutations

You reflexively attack those that strike you in melee with your horns.
Your soft flesh is weak to deep cuts.
Heavy manmade armour will nullify this weakness. (rSlashing-)
You frequently lose your temper in combat.
This godly rage surpasses even clarity. (*Rage)


Message History

The jelly hits you (2).
You are splashed with acid (10)!
* * * LOW HITPOINT WARNING * * *
Unknown command.
You hit the jelly (2).
It resists.
Your hands burn (3).
* * * LOW HITPOINT WARNING * * *
You hit the jelly but do no damage.
The jelly is lightly wounded. (25/30) HP Unknown command.
Unknown command.
Unknown command.
You hit the jelly (3).
It resists.
The acid corrodes you!
Your hands burn (3).
* * * LOW HITPOINT WARNING * * *
You hit the jelly but do no damage.
You headbutt the jelly, but do no damage.
The jelly is moderately wounded. (22/30) HP You feel sick. (1)
The jelly hits you (4).
* * * LOW HITPOINT WARNING * * *
You are splashed with acid (7)!
You die...

.# #.#≈#≈#≈###.# .#
#.#.#≈#≈≈≈#≈#
≈###≈#≈###.#####.#
.≈≈..#..≈.≈≈≈.≈≈.#
####≈#.#########≈#
#≈#≈.≈#≈.≈#≈#
#≈#≈#.#≈#≈#≈#
#≈#≈#≈#≈#.#≈#
##≈###.#≈###@#####.#
PP...≈≈#≈≈..)JlK≈.≈#
########.######.####
≈ #≈# ≈≈ ≈ #≈# ...
#≈# ≈## #≈# ≈# .≈. .
###


You could see a big kobold, a jelly and a cinder newt.

Vanquished Creatures
  2 water moccasins (D:2)
  A crocodile (D:2)
  2 big kobolds (D:2)
  7 jellies (D:2)
  9 giant cockroaches
  4 adders (D:2)
  15 sewer rats
  2 worms (D:2)
  4 cinder newts (D:2)
  6 oozes
  2 dart slugs (D:1)
  5 leopard geckos
  7 bats
  6 goblins (D:1)
  5 hobgoblins (D:1)
  11 kobolds
  7 ball pythons
  A bat skeleton (D:2)
  A leopard gecko skeleton (D:2)
  12 rats
  A rat skeleton (D:2)
  2 withered plants (D:2)
112 creatures vanquished.

Vanquished Creatures (others)
  A giant cockroach (D:2)
  A sewer rat (D:2)
  2 ball pythons (D:2)
  A bat (D:2)
  6 kobolds (D:2)
  An orc skeleton (D:2)
  A giant blowfly (D:2)
  3 slimeheads (D:2)
  50 withered plants (D:2)
66 creatures vanquished.

Grand Total: 178 creatures vanquished

Notes
Turn   | Place    | Note
-------+----------+-------------------------------------------
     0 | D:1      | gruber the Minotaur Berserker began the quest for the Orb.
     0 | D:1      | Reached XP level 1. HP: 19/19 MP: 0/0
   142 | D:1      | Reached skill level 4 in Whips & Flails
   147 | D:1      | Reached XP level 2. HP: 16/26 MP: 1/1
   178 | D:1      | Reached skill level 5 in Whips & Flails
   272 | D:1      | Reached XP level 3. HP: 25/31 MP: 2/2
   428 | D:1      | Received a gift from Trog
   429 | D:1      | Reached ** piety under Trog
   560 | D:1      | Reached skill level 6 in Whips & Flails
   560 | D:1      | Reached XP level 4. HP: 25/39 MP: 3/3
  1141 | D:2      | Reached skill level 7 in Whips & Flails
  1141 | D:2      | Reached XP level 5. HP: 45/45 MP: 4/4
  1204 | D:2      | Noticed a water moccasin
  1214 | D:2      | Killed a water moccasin
  1214 | D:2      | Reached skill level 8 in Whips & Flails
  1214 | D:2      | HP: 3/67 [poisoned by a water moccasin]
  1321 | D:2      | Reached XP level 6. HP: 37/51 MP: 5/5
  1417 | D:2      | Reached *** piety under Trog
  1544 | D:2      | Reached skill level 9 in Whips & Flails
  1729 | D:2      | Reached XP level 7. HP: 53/57 MP: 6/6
  1756 | D:2      | HP: 1/57 [ooze (5)]
  1954 | D:2      | Received a gift from Trog
  2231 | D:2      | Reached skill level 5 in Armour
  2437 | D:2      | Reached **** piety under Trog
  2740 | D:2      | Reached XP level 8. HP: 64/64 MP: 7/7
  2776 | D:2      | HP: 3/64 [jelly (4)]
  2776 | D:2      | Splashed by a jelly's acid

Levels and vault maps discovered:
D:1:      elethiomel_arrival_quiet, layout_basic, first_ration,
          minmay_misc_feat_five, minmay_ruptured, portal_sewer_entry_c
D:2:      mumra_celtic_spiral_tile, layout_sewer, marbit_many_paths

Skill      XL: |  1  2  3  4  5  6  7 |
---------------+----------------------+-----
Whips & Flails | 4 5 6 7 8 9 |  9.1
Armour         | 3 6 |  6.4
Dodging        | 4 |  4.7
Fighting       | |  3.6

Action                   |  1- 3 |  4- 6 |  7- 9 || total
-------------------------+-------+-------+-------++-------
Melee: Whip              |    54 |    70 |    98 ||   222
       Unarmed           |    37 |    49 |    88 ||   174
       Headbutt          |     7 |     8 |    30 ||    45
Invok: Berserk           |       |     5 |     1 ||     6
       Trog's Hand       |       |     1 |       ||     1
  Eat: Chunk             |       |     6 |     5 ||    11
Armor: Animal skin       |     3 |     7 |     8 ||    18
Dodge: Dodged            |    10 |    20 |    22 ||    52
